 Dungeon Crawl Stone Soup version 0.30-b1-2-g02819fbbbe (webtiles) character file.

Game seed: 17029747901857982022

33079 Borgoz the Carver (level 13, -4/83 HPs)
             Began as a Gargoyle Berserker on June 16, 2023.
             Was an Elder of Trog.
             Slain by Rupert
             ... wielding a +1 triple sword of flaming
              (6 damage)
             ... on level 12 of the Dungeon.
             The game lasted 00:34:52 (14515 turns).

Borgoz the Carver (Gargoyle Berserker)             Turns: 14515, Time: 00:34:52

Health: -4/83      AC: 20    Str: 21    XL:     13   Next: 68%
Magic:  13/13      EV: 14    Int:  9    God:    Trog [****..]
Gold:   400        SH: 11    Dex: 13    Spells: 12/12 levels left

rFire   . . .        a - +1 scimitar (venom)
rCold   . . .        p - +0 kite shield
rNeg    + + .        A - +2 steam dragon scales
rPois   ∞            (no helmet)
rElec   +            n - +0 cloak
rCorr   .            (no gloves)
SInv    +            (no boots)
Will    .....        H - amulet of regeneration
Stlth   +            w - ring of see invisible
HPRegen 1.13/turn    f - ring of positive energy
MPRegen 0.13/turn

%: no passive effects
@: hasted, studying Ranged Weapons, very quick
A: sickness immunity, AC +9, negative energy resistance 1, electricity
resistance, torment resistance 1, petrification resistance
a: Renounce Religion, Berserk, Trog's Hand, Brothers in Arms


You were on level 12 of the Dungeon.
You worshipped Trog.
Trog was greatly pleased with you.
You visited 2 branches of the dungeon, and saw 13 of its levels.
You also visited: Bailey.

You collected 638 gold pieces.
You spent 238 gold pieces at shops.

Inventory:

Hand Weapons
 a - a +1 scimitar of venom (weapon)
 b - a +4 heavy great sword
Missiles
 E - a throwing net (quivered)
Armour
 n - a +0 cloak (worn)
 p - a +0 kite shield (worn)
 A - +2 steam dragon scales (worn)
 C - +0 acid dragon scales
Jewellery
 f - a ring of positive energy (right hand)
 k - an amulet of the acrobat
 q - an amulet of faith
 w - a ring of see invisible (left hand)
 z - a ring of ice
 H - an amulet of regeneration (around neck)
Wands
 l - a wand of flame (11)
 I - a wand of light (4)
Scrolls
 c - 8 scrolls of teleportation
 d - 2 scrolls of magic mapping
 o - 3 scrolls of fear
 u - a scroll of blinking
 y - a scroll of silence
 B - 2 scrolls of fog
Potions
 e - a potion of resistance
 g - 2 potions of heal wounds
 i - a potion of ambrosia {unknown}
 j - 5 potions of haste
 s - a potion of attraction
 t - a potion of mutation {unknown}
 x - 4 potions of cancellation {unknown}
 D - a potion of flight
 F - a potion of brilliance
 G - 3 potions of might


   Skills:
 + Level 10.5 Fighting
 * Level 11.9 Long Blades
 + Level 10.3 Armour
 + Level 8.1 Dodging
 + Level 10.1 Shields


You had 12 spell levels left.
You didn't know any spells.
Your spell library was empty.

Dungeon Overview and Level Annotations

Branches:
Dungeon (12/15)            Temple (1/1) D:7            Lair (0/5) D:8
 Bailey (visited)
    Orc: D:9-12

Altars:
Ashenzari
Cheibriados
Dithmenos
Elyvilon
Fedhas
Gozag
Hepliaklqana
Kikubaaqudgha
Makhleb
Nemelex Xobeh
Okawaru
Qazlal
Ru
Sif Muna
Trog
Uskayaw
Vehumet
Wu Jian
Xom
Yredelemnul
Zin
The Shining One
Jiyva

Shops:
D:1 :   D:7 [   D:11 *

Annotations:
D:11 Nergalle
D:12 Rupert


Innate Abilities, Weirdness & Mutations

You are immune to sickness and miasma.
Your stone body is resilient. (AC +9)
You are immune to poison.
You resist negative energy. (rN+)
You are resistant to electric shocks. (rElec)
You are resistant to unholy torment.
You are immune to petrification.


Message History

You slash the acid dragon!
The acid dragon is heavily wounded.
The centaur warrior wields a +0 longbow.
The centaur warrior shoots an arrow.
The arrow closely misses you.
The centaur warrior shoots an arrow.
The arrow hits you but does no damage. The acid dragon spits acid at you.
The splash of acid hits you!
You hear a shout!
You barely miss the acid dragon.
The acid dragon is heavily wounded.
The centaur warrior shoots an arrow.
The arrow barely misses you.
You hear a shout!
You closely miss the acid dragon.
The acid dragon is heavily wounded.
The centaur warrior shoots an arrow.
You block the arrow.
You completely miss Rupert.
The centaur warrior shoots an arrow.
You block the arrow.
A centaur comes into view.
The centaur warrior shoots an arrow.
The arrow hits you.
The acid dragon attacks as you move away!
The acid dragon completely misses you. The acid dragon closely misses you.
The centaur wields a +0 shortbow.
The centaur shoots an arrow.
The arrow completely misses you.
The centaur warrior shoots an arrow.
The arrow hits you.
An orc priest comes into view. It is wielding a +1 flail of venom.
Rupert roars madly and goes into a rage!
Rupert goes berserk!
A centaur comes into view.
The acid dragon attacks as you move away!
You block the acid dragon's attack. x2
Items here: )) ††.
The centaur warrior shoots an arrow.
The arrow hits you!!
* * * LOW HITPOINT WARNING * * *
Items here: )))) [ ††††.
Items here: ))) [[ †††††.
You feel yourself speed up.
Rupert hits you with a +1 triple sword of flaming!!
* * * LOW HITPOINT WARNING * * *
Rupert burns you.
You die...

...............#..#
##.....#.#.#...#..#
#......#.#.#...#..#
#.###....#...#.#.<#
#......#.# #......#
#.######.#.####..#..#
#........#.......#..#
##.########.#..######....
+....!.)†@@)).......#..#.#
##.########)####.##.#...)#
.########.# ..#.#.####
.......D.>#####...#.#
#...#..#.#........
......)...c.........
........##..........
..##....##c...##.. .
#..........#


You could see Rupert (berserk).

Vanquished Creatures
  An orc warlord (Bailey)
  Nessos (D:12)
  A two-headed ogre (D:9)
  2 boulder beetles
  3 death yaks (D:8)
  Amaemon (D:8)
  Pikel (D:5)
  An orc knight (Bailey)
  2 cyclopes
  A manticore (D:11)
  An orange demon (D:8)
  Joseph (D:8)
  Maggie (D:10)
  An unseen horror (D:11)
  A komodo dragon (D:12)
  3 kobold demonologists (D:11)
  A merfolk (D:10)
  A troll (D:9)
  Grinder (D:5)
  Sigmund (D:3)
  2 shadows
  20 yaks
  Eustachio (D:5)
  4 vampire mosquitoes (D:11)
  2 steam dragons
  A warg (D:12)
  2 water moccasins
  An acid dragon (D:9)
  Duvessa (D:5)
  12 orc warriors
  An ice beast (D:5)
  2 sky beasts
  3 centaurs
  A phantom (D:7)
  A kobold brigand (D:11)
  5 bullfrogs
  A gnoll sergeant (D:7)
  4 scorpions
  13 wights
  Dowan (D:5)
  7 killer bees
  An electric eel (D:6)
  5 howler monkeys
  2 jellies
  Crazy Yiuf (D:2)
  2 gnoll boudas
  7 orc priests
  4 hounds
  A sleepcap (D:7)
  4 orc wizards
  3 hell rats
  Robin (D:2)
  9 adders
  18 gnolls
  A river rat (D:8)
  2 shadow imps
  A worm (D:5)
  A dart slug (D:1)
  29 orcs
  8 endoplasms
  3 giant cockroaches
  31 goblins
  19 hobgoblins
  7 jackals
  3 quokkas
  5 ball pythons
  7 bats
  5 frilled lizards
  6 kobolds
  9 rats
306 creatures vanquished.

Notes
Turn   | Place    | Note
-------+----------+-------------------------------------------
     0 | D:1      | Borgoz the Gargoyle Berserker began the quest for the Orb.
     0 | D:1      | Reached XP level 1. HP: 14/14 MP: 1/1
   180 | D:1      | Reached XP level 2. HP: 9/19 MP: 2/2
   255 | D:1      | Reached skill level 3 in Long Blades
   463 | D:1      | Found Akkey's Vocational Training.
   805 | D:1      | Reached XP level 3. HP: 23/23 MP: 3/3
  1101 | D:2      | Noticed Robin
  1126 | D:2      | Reached ** piety under Trog
  1130 | D:2      | Killed Robin
  1227 | D:2      | Reached XP level 4. HP: 28/29 MP: 4/4
  1478 | D:2      | Found a runed translucent door.
  1479 | D:2      | Noticed Crazy Yiuf
  1814 | D:2      | Killed Crazy Yiuf
  1865 | D:3      | Reached XP level 5. HP: 24/33 MP: 5/5
  1951 | D:3      | Found a stormy altar of Qazlal.
  2076 | D:3      | Noticed Sigmund
  2086 | D:3      | Killed Sigmund
  2087 | D:3      | Reached skill level 4 in Long Blades
  2087 | D:3      | Reached skill level 1 in Shields
  2087 | D:3      | Reached XP level 6. HP: 39/39 MP: 6/6
  2166 | D:3      | Found a faded altar of an unknown god.
  2684 | D:4      | Found a blossoming altar of Fedhas.
  2775 | D:4      | Found an ancient bone altar of Kikubaaqudgha.
  3163 | D:4      | Found a hide-covered altar of Uskayaw.
  3625 | D:5      | Entered Level 5 of the Dungeon
  3631 | D:5      | Reached XP level 7. HP: 44/44 MP: 7/7
  3641 | D:5      | Found a glowing silver altar of Zin.
  3812 | D:5      | Reached skill level 5 in Long Blades
  3902 | D:5      | Noticed Duvessa
  3905 | D:5      | Noticed Dowan
  3942 | D:5      | Killed Duvessa
  3943 | D:5      | Reached skill level 5 in Fighting
  3951 | D:5      | Killed Dowan
  4101 | D:5      | Noticed Grinder
  4117 | D:5      | Paralysed by Grinder for 2 turns
  4144 | D:5      | Paralysed by Grinder for 3 turns
  4160 | D:5      | Killed Grinder
  4161 | D:5      | Reached XP level 8. HP: 40/49 MP: 8/8
  4261 | D:5      | Noticed Pikel
  4282 | D:5      | Killed Pikel
  4283 | D:5      | Reached skill level 6 in Long Blades
  4283 | D:5      | Reached skill level 5 in Armour
  4505 | D:5      | Noticed Eustachio
  4582 | D:5      | Killed Eustachio
  4583 | D:5      | Reached XP level 9. HP: 19/55 MP: 9/9
  4925 | D:6      | Found a snail-covered altar of Cheibriados.
  5088 | D:6      | Found a sparkling altar of Nemelex Xobeh.
  5375 | D:6      | Reached skill level 7 in Long Blades
  6244 | D:7      | Found Neawiol's Armour Emporium.
  6439 | D:7      | Reached skill level 5 in Shields
  6820 | D:7      | Found a radiant altar of Vehumet.
  6898 | D:7      | Found a sacrificial altar of Ru.
  7037 | D:7      | Reached XP level 10. HP: 24/63 MP: 10/10
  7038 | D:7      | Found a staircase to the Ecumenical Temple.
  7053 | Temple   | Entered the Ecumenical Temple
  7304 | D:7      | Reached skill level 8 in Long Blades
  7556 | D:8      | Noticed Joseph
  7611 | D:7      | Reached skill level 5 in Dodging
  7779 | D:8      | Noticed a death yak
  7780 | D:8      | Noticed a death yak
  7781 | D:8      | Found a staircase to the Lair.
  7784 | D:8      | Noticed a death yak
  7813 | D:8      | Killed a death yak
  7914 | D:8      | Killed a death yak
  8036 | D:8      | Killed a death yak
  8216 | D:8      | Reached *** piety under Trog
  8409 | D:8      | Identified the +3 ring mail "Leisar" {Will+}
  8502 | D:8      | Reached skill level 9 in Long Blades
  8965 | D:8      | Noticed Amaemon
  8966 | D:8      | Noticed an orange demon
  8982 | D:8      | Killed Amaemon
  8983 | D:8      | Reached XP level 11. HP: 68/68 MP: 11/11
  9131 | D:8      | Found a burning altar of Makhleb.
  9182 | D:8      | Killed Joseph
  9487 | D:9      | Noticed a cyclops
  9498 | D:9      | Killed a cyclops
  9560 | D:9      | Noticed a two-headed ogre
  9577 | D:9      | Killed a two-headed ogre
  9745 | D:9      | Noticed a boulder beetle
  9955 | D:9      | Reached skill level 10 in Long Blades
 10387 | D:9      | Killed a boulder beetle
 10985 | D:9      | Found an ornate altar of the Wu Jian Council.
 11156 | D:9      | Found a shimmering blue altar of Sif Muna.
 11633 | D:10     | Entered Level 10 of the Dungeon
 11644 | D:10     | Noticed Maggie
 11669 | D:10     | Killed Maggie
 11705 | D:10     | Found a bloodstained altar of Trog.
 11797 | D:10     | Found a flagged portal.
 11933 | Bailey   | Entered a bailey
 12346 | Bailey   | Reached XP level 12. HP: 76/76 MP: 12/12
 12388 | Bailey   | Noticed an orc warlord
 12401 | Bailey   | HP: 2/76 [orc knight/+0 battleaxe (15)]
 12635 | Bailey   | Killed an orc warlord
 13650 | D:11     | Reached skill level 11 in Long Blades
 13713 | D:11     | Noticed Nergalle
 13997 | D:11     | Found Hirempeq's Assorted Antiques.
 14003 | D:11     | Bought a potion of might for 68 gold pieces
 14003 | D:11     | Bought a potion of haste for 170 gold pieces
 14126 | D:11     | Noticed a boulder beetle
 14135 | D:11     | Killed a boulder beetle
 14449 | D:12     | Noticed Nessos
 14449 | D:12     | Reached **** piety under Trog
 14468 | D:12     | Noticed a centaur warrior
 14476 | D:12     | Reached skill level 10 in Fighting
 14476 | D:12     | Reached skill level 10 in Armour
 14476 | D:12     | Reached skill level 10 in Shields
 14476 | D:12     | Reached XP level 13. HP: 15/83 MP: 13/13
 14493 | D:12     | Killed Nessos
 14502 | D:12     | Noticed Rupert
 14515 | D:12     | HP: 2/83 [Rupert/+1 triple sword of flaming (21)]
 14515 | D:12     | Slain by Rupert

Illustrated notes

Levels and vault maps discovered:
D:1:      minmay_arrival_jagged, layout_basic, nicolae_shop_vocational
D:2:      layout_loops_ring, uniq_robin, uniq_crazy_yiuf_cottage
D:3:      layout_rooms, grunt_qazlal_sundering,
          shapermc_ecumenical_altar_notcrosses, uniq_sigmund
D:4:      cheibrodos_helix_gallery, layout_basic, fedhas_altar_4,
          nicolae_uskayaw_murder_on_the_dancefloor,
          nicolae_kikubaaqudgha_miasma_corner
D:5:      layout_basic, kennysheep_mini, uniq_duvessa, uniq_grinder, uniq_pikel,
          uniq_eustachio
D:6:      hellmonk_crumbling_castle, layout_cave_pools, lemuel_tele_altar,
          mainiacjoe_overflow_surrounded_room, minivault_4
D:7:      layout_basic, nicolae_vehumet_altar_sigil,
          nicolae_ru_great_annihilating_truth, minmay_temple_entry_mist,
          serial_shops, nicolae_shop_crystal, hangedman_decor_lopped
D:8:      layout_loops_ring, kennysheep_mini_moat, dpeg_lair_monsters,
          uniq_amaemon, uniq_joseph
D:9:      minmay_clustersquares, layout_irregular_city, lemuel_blue_sif_altar,
          nzn_wu_jian_council_hall, lightli_minifort
D:10:     layout_basic, mainiacjoe_overflow_catwalk, enter_bailey_2,
          hangedman_fish_farm, uniq_maggie
D:11:     layout_gridville, serial_shops, shop, uniq_nergalle
D:12:     layout_basic, erik_orc_4, gauntlet_entry_generic, uniq_kirke,
          uniq_rupert, uniq_nessos
Temple:   pf_slimified_temple

Skill      XL: |  1  2  3  4  5  6  7  8  9 10 11 12 |
---------------+-------------------------------------+-----
Long Blades    | 3 4 5 6 7 9 10 11 | 11.9
Dodging        | 2 3 4 5 6 8 |  8.1
Armour         | 3 4 5 6 7 8 10 | 10.3
Fighting       | 4 5 6 7 8 9 10 | 10.5
Shields        | 1 3 4 5 6 8 10 | 10.1

Action                     |  1- 3 |  4- 6 |  7- 9 | 10-12 | 13-15 || total
---------------------------+-------+-------+-------+-------+-------++-------
  Melee: Falchion          |   130 |   219 |   663 |   611 |       ||  1623
         Punch             |     3 |     1 |       |     4 |       ||     8
         Scimitar          |       |       |       |   561 |    23 ||   584
 Invoke: Berserk           |     3 |     4 |    11 |    17 |       ||    35
         Trog's Hand       |       |     2 |     7 |     6 |       ||    15
    Use: Scroll            |       |     3 |     6 |    23 |       ||    32
         Potion            |       |       |     5 |     6 |     3 ||    14
   Stab: Sleeping          |     1 |       |       |     2 |       ||     3
         Invisible         |       |       |     7 |     2 |       ||     9
         Paralysed         |       |       |     1 |       |       ||     1
 Armour: Animal skin       |    52 |       |       |       |       ||    52
         Ring mail         |    31 |   113 |   263 |       |       ||   407
         Scale mail        |       |       |    77 |       |       ||    77
         Steam dragon scal |       |       |    22 |   399 |     7 ||   428
  Dodge: Dodged            |   111 |   155 |   396 |   613 |    21 ||  1296
  Block: Kite shield       |       |    54 |   379 |   478 |    20 ||   931
